 Dungeon Crawl Stone Soup version 0.28-a0-691-gad6df49e81 (webtiles) character file.

Game seed: 4012712399450351567

137 oldriver the Magician (level 5, -1/35 HPs)
             Began as a Human Venom Mage on Oct 20, 2021.
             Slain by a phantom (6 damage)
             ... on level 1 of the Dungeon on Oct 21, 2021.
             The game lasted 00:08:57 (3283 turns).

oldriver the Magician (Human Venom Mage)            Turns: 3283, Time: 00:09:00

Health: -1/35      AC:  2    Str:  8    XL:     5   Next: 44%
Magic:  6/12       EV: 12    Int: 17    God:
Gold:   51         SH:  0    Dex: 13    Spells: 7/13 levels left

rFire   + . .      SeeInvis .   c - +2 spear (flame)
rCold   + . .      Faith    .   (no shield)
rNeg    . . .      Spirit   .   a - +0 robe
rPois   +          Reflect  .   (no helmet)
rElec   +          Harm     .   (no cloak)
rCorr   +          Rampage  .   (no gloves)
Will    .....                   (no boots)
Stlth   ++........              (no amulet)
HPRegen 0.11/turn               e - ring of wizardry
MPRegen 0.13/turn               (no ring)

@: resistant
A: no striking features
a: no special abilities


You were on level 1 of the Dungeon.
You visited 1 branch of the dungeon, and saw 2 of its levels.

You collected 51 gold pieces.

Inventory:

Hand Weapons
 c - a +2 spear of flaming (weapon)
Armour
 a - a +0 robe (worn)
Jewellery
 e - a ring of wizardry (left hand)
Scrolls
 d - a scroll of blinking {unknown}
 g - a scroll of enchant weapon {unknown}
 h - a scroll of identify {unknown}


   Skills:
 - Level 2.0 Dodging
 - Level 2.0 Stealth
 + Level 0.2 Unarmed Combat
 * Level 4.7 Spellcasting
 - Level 1.0 Transmutations
 + Level 0.5 Air Magic
 - Level 3.0 Poison Magic


You had 7 spell levels left.
You knew the following spells:

 Your Spells              Type           Power      Damage    Failure   Level
a - Sting                 Tmut/Pois      40%        1d5       2%          1
b - Poisonous Vapours     Pois/Air       20%        N/A       4%          2
c - Mephitic Cloud        Conj/Pois/Air  8%         N/A       11%         3

Your spell library contained the following spells:

 Spells                   Type           Power      Damage    Failure   Level
 Olgreb's Toxic Radiance  Pois           14%        N/A       16%         4


Dungeon Overview and Level Annotations

Branches:
Dungeon (2/15)

Altars:
Ru


Message History

Casting: Sting (safe; 2% risk of failure)
Confirm with . or Enter, or press ? or * to list all spells.
Aiming: Sting (safe; 2% risk of failure)
Press: ? - help, Shift-Dir - straight line, f/p - phantom
Aim: a phantom (lightly damaged, 60% to hit)
The sting hits the phantom.
The phantom partially resists.
The phantom is lightly damaged.
The phantom barely misses you.
Casting: Sting (safe; 2% risk of failure)
Confirm with . or Enter, or press ? or * to list all spells.
Aiming: Sting (safe; 2% risk of failure)
Press: ? - help, Shift-Dir - straight line, f/p - phantom
Aim: a phantom (lightly damaged, 60% to hit)
The sting hits the phantom.
The phantom partially resists.
The phantom is lightly damaged.
The phantom closely misses you.
Casting: Sting (safe; 2% risk of failure)
Confirm with . or Enter, or press ? or * to list all spells.
Aiming: Sting (safe; 2% risk of failure)
Press: ? - help, Shift-Dir - straight line, f/p - phantom
Aim: a phantom (lightly damaged, 60% to hit)
The sting hits the phantom.
The phantom partially resists.
The phantom is lightly damaged.
The phantom hits you.
The phantom blinks!
You blink.
Casting: Sting (safe; 2% risk of failure)
Confirm with . or Enter, or press ? or * to list all spells.
Aiming: Sting (safe; 2% risk of failure)
Press: ? - help, Shift-Dir - straight line, f/p - phantom
Aim: a phantom (lightly damaged, 60% to hit)
The sting misses the phantom.
The phantom hits you!
* * * LOW HITPOINT WARNING * * *
Casting: Sting (safe; 2% risk of failure)
Confirm with . or Enter, or press ? or * to list all spells.
Aiming: Sting (safe; 2% risk of failure)
Press: ? - help, Shift-Dir - straight line, f/p - phantom
Aim: a phantom (lightly damaged, 60% to hit)
The sting hits the phantom.
The phantom partially resists.
The phantom is lightly damaged.
The phantom hits you.
You die...

##........# #...#########
##...####### ##........#..
#.....##
################.#.#
.......## #.......# #.#.#
........# ##.#####># #.#.#
.......## #.....##§###
##.#.# #.....##
##.##.##.#.## #.....
##[..## ####....§...#.##
#...## #..##
#.....@..§.###.###...##
#.## #.##.W....##
##........ #.# #.♣♣♣#...##
#........ #.# #♣..♣♣#.#.##
##........ ##.#
♣♣..♣♣....###.###.....
...#♣♣♣♣♣♣# ♣...♣.##..#..#
#...##
##.♣♣.....♣♣♣♣..♣.##.....#
#...##
##♣...♣♣♣......8♣.##.....#
###### ##.♣♣♣♣
♣♣♣.⌠.._♣.##.....# ##..


You could see a phantom.

Vanquished Creatures
  7 gnolls (D:2)
  2 adders (D:2)
  5 endoplasms
  4 goblins
  8 hobgoblins
  5 jackals
  3 quokkas
  6 ball pythons (D:1)
  3 bats
  2 kobolds
  4 rats
49 creatures vanquished.

Notes
Turn   | Place    | Note
-------+----------+-------------------------------------------
     0 | D:1      | oldriver the Human Venom Mage began the quest for the Orb.
     0 | D:1      | Reached XP level 1. HP: 13/13 MP: 3/3
   359 | D:1      | Reached XP level 2. HP: 19/19 MP: 0/5
   734 | D:1      | Reached skill level 3 in Spellcasting
   875 | D:1      | Learned a level 2 spell: Poisonous Vapours
   906 | D:1      | Found a faded altar of an unknown god.
   926 | D:1      | Reached XP level 3. HP: 24/24 MP: 4/7
  1811 | D:2      | Reached XP level 4. HP: 18/30 MP: 4/9
  2196 | D:2      | Reached skill level 4 in Spellcasting
  2476 | D:2      | Learned a level 3 spell: Mephitic Cloud
  2655 | D:2      | Found a sacrificial altar of Ru.
  2882 | D:2      | Reached XP level 5. HP: 35/35 MP: 1/11
  3001 | D:2      | Noticed a phantom
  3283 | D:1      | Slain by a phantom

Illustrated notes

Levels and vault maps discovered:
D:1:      grunt_arrival_crossed_arrows, layout_loops_cross,
          shapermc_ecumenical_altar_totnotflames
D:2:      layout_rooms, basic_altar

Skill      XL: |  1  2  3  4 |
---------------+-------------+-----
Spellcasting   | 3 4 |  4.7
Dodging        | |  2.0
Stealth        | |  2.0
Unarmed Combat | |  0.2
Transmutations | |  1.0
Air Magic      | |  0.5
Poison Magic   | |  3.0

Action                   |  1- 3 |  4- 6 || total
-------------------------+-------+-------++-------
Melee: Spear             |    22 |    13 ||    35
       Dagger            |     2 |       ||     2
       Unarmed           |     1 |       ||     1
 Cast: Sting             |    48 |    44 ||    92
       Poisonous Vapours |     7 |    25 ||    32
  Use: Potion            |       |     3 ||     3
Armor: Robe              |     6 |     1 ||     7
Dodge: Dodged            |    21 |    22 ||    43

Table legend: (Time is in decaauts)
 A = Elapsed time spent in this place.
 B = Non-inter-level travel time spent in this place.
 C = Inter-level travel time spent in this place.
 D = Time resting spent in this place.
 E = Time spent auto-exploring this place.
 F = Levels seen in this place.
 G = Mean time per level.
                   A        B        C        D        E       F      G
               +--------+--------+--------+--------+--------+-----+--------+
         Total |   3292 |   3076 |    216 |   1625 |    920 |   2 | 1646.0 |
       Dungeon |   3292 |   3076 |    216 |   1625 |    920 |   2 | 1646.0 |
               +--------+--------+--------+--------+--------+-----+--------+

Top non-repeatable levels by time:
     D:1: 2286 daAuts
     D:2: 1005 daAuts
